 Dungeon Crawl Stone Soup version 0.31.0-11-ge490571c62 (webtiles) character file.

Game seed: 2893985173786737797

28 Gadfly the Trooper (level 3, 26/29 HPs)
             Began as a Demonspawn Monk on Feb 5, 2024.
             Quit the game on level 1 of the Dungeon.
             The game lasted 00:01:12 (484 turns).

Gadfly the Trooper (Demonspawn Monk)                 Turns: 484, Time: 00:01:12

Health: 26/29      AC:  2    Str: 13    XL:     3   Next: 0%
Magic:  3/3        EV: 13    Int: 10    God:
Gold:   54         SH:  0    Dex: 15    Spells: 2/2 levels left

rFire   . .          .
                       - Unarmed
rCold   . . .        c - orb {light}
rNeg    . . .        a - +0 robe
rPois   .            (no helmet)
rElec   .            (no cloak)
rCorr   .            (no gloves)
SInv    .            (no boots)
Will    .....        (no amulet)
Stlth   +            (no ring)
HPRegen 0.24/turn    (no ring)
MPRegen 0.08/turn

%: no passive effects
@: glowing
A: hooves 1, demonic magic 1
a: no special abilities


You were on level 1 of the Dungeon.
You visited 1 branch of the dungeon, and saw 1 of its levels.

You collected 54 gold pieces.

Inventory:

Armour
 a - a +0 robe (worn)
 c - an orb of light (worn)
Scrolls
 f - a scroll of revelation {unknown}
 g - a scroll of fog {unknown}
 h - a scroll of noise {unknown}
 i - a scroll of teleportation {unknown}
Potions
 b - a potion of ambrosia
 d - a potion of attraction {unknown}
 e - a potion of enlightenment {unknown}


   Skills:
 - Level 3.0 Fighting
 + Level 2.8 Dodging
 * Level 3.0 Unarmed Combat
 * Level 1.2 Evocations
 * Level 1.0 Shapeshifting


You had 2 spell levels left.
You didn't know any spells.
Your spell library was empty.

Dungeon Overview and Level Annotations

Branches:
Dungeon (1/15)

Altars:


Innate Abilities, Weirdness & Mutations

You have large cloven feet.
Spells you cast may paralyse adjacent enemies.


Message History

You kill the goblin!
No target in view!
No target in view!
No target in view!
No target in view!
Things that are here:
a +0 club; a goblin corpse
Things that are here:
a +0 club; a goblin corpse A goblin comes into view.
It is wielding a +0 club.
The goblin shouts!
You hit the goblin.
The goblin is severely wounded.
The goblin hits you with a +0 club.
You barely miss the goblin. You kick the goblin.
You kill the goblin!
No target in view!
No target in view!
No target in view!
No target in view!
No target in view!
No target in view!
Things that are here:
a +0 club; a goblin corpse An endoplasm comes into view.
The endoplasm freezes you.
You are frozen.
You hit the endoplasm.
You kick the endoplasm, but do no damage.
The endoplasm is heavily wounded.
The endoplasm misses you.
You hit the endoplasm.
You kill the endoplasm!
Your Shapeshifting skill increases to level 1!
You have reached level 3!
Your experience leads to an increase in your attributes!
Increase (S)trength, (I)ntelligence, or (D)exterity?
You feel stronger. x2; Your demonic ancestry asserts itself...
A menacing aura infuses your magic.
Are you sure you want to abandon this character and quit the game? (Confirm with "yes".)

#.# #.......#
#............
#.###.#####.#
#.#####.##.##
#.....# #.#
#.##...
####### #.#
#.##.#. #.#
####.#....
#.#
#.........
#.#
#.##.#....
#.#
#.##.##.##.#.
#@#
#......>...#.
#.#
####.##.####.
#.# #.##.# ##
#.# #.##.#
..#
#.##.#####
###
####.##......
#........####
#.##†###.#
#....>...#


There were no monsters in sight!

Vanquished Creatures
  A dart slug (D:1)
  3 endoplasms (D:1)
  3 goblins (D:1)
  3 hobgoblins (D:1)
  4 jackals (D:1)
  2 kobolds (D:1)
  A quokka (D:1)
  3 bats (D:1)
  2 frilled lizards (D:1)
22 creatures vanquished.

Notes
Turn   | Place    | Note
-------+----------+-------------------------------------------
     0 | D:1      | Gadfly the Demonspawn Monk began the quest for the Orb.
     0 | D:1      | Reached XP level 1. HP: 18/18 MP: 1/1
   119 | D:1      | Discovered your monstrous ancestry.
   119 | D:1      | Gained mutation: You have large cloven feet. [demonic
                  | ancestry]
   119 | D:1      | Reached XP level 2. HP: 18/24 MP: 2/2
   184 | D:1      | Found a faded altar of an unknown god.
   244 | D:1      | Reached skill level 1 in Evocations
   484 | D:1      | Reached skill level 1 in Shapeshifting
   484 | D:1      | Gained mutation: Spells you cast may paralyse adjacent
                  | enemies. [demonic ancestry]
   484 | D:1      | Reached XP level 3. HP: 26/29 MP: 3/3
   484 | D:1      | Quit the game

Illustrated notes

Levels and vault maps discovered:
D:1:      dpeg_arrival_pond, layout_loops_ring, basic_ecumenical_altar

Skill      XL: |  1  2 |
---------------+-------+-----
Unarmed Combat | 3 |  3.0
Evocations     | 1 |  1.2
Shapeshifting  | 1 |  1.0
Fighting       | |  3.0
Dodging        | |  2.8

Action                     || total
---------------------------++-------
  Melee: Unarmed           ||    52
         Kick              ||    10
 Armour: Robe              ||    16
  Dodge: Dodged            ||    35
